 Dungeon Crawl Stone Soup version 0.31-a0-133-gaae73658be (webtiles) character file.

Game seed: 6332738056924130530

107 Fnord73 the Trooper (level 4, -5/40 HPs)
             Began as a Draconian Berserker on June 2, 2023.
             Was a Believer of Trog.
             Succumbed to a scorpion's poison
             ... on level 4 of the Dungeon.
             The game lasted 00:18:07 (2047 turns).

Fnord73 the Trooper (Draconian Berserker)           Turns: 2047, Time: 00:18:08

Health: -5/40      AC:  6    Str: 22    XL:     4   Next: 56%
Magic:  4/4        EV: 17    Int:  7    God:    Trog [**....]
Gold:   124        SH:  0    Dex: 10    Spells: 3/3 levels left

rFire   + . .        o - +3 war axe "Leviticus" {heavy, Fly rC+}
rCold   + . .        j - orb {guile}
rNeg    . . .        (body armour unavailable)
rPois   .            (helmet restricted)
rElec   .            c - +0 cloak
rCorr   .            (no gloves)
SInv    .            (no boots)
Will    .....        (no amulet)
Stlth   +            n - ring of Owithruch {rF+ EV+5}
HPRegen 0.26/turn    g - ring of willpower
MPRegen 0.09/turn

%: no passive effects
@: lethally poisoned (-5 -> -20), flying
A: AC +5, unfitting armour, cold-blooded
a: Renounce Religion, Berserk, Trog's Hand


You were on level 4 of the Dungeon.
You worshipped Trog.
Trog was pleased with you.
You visited 1 branch of the dungeon, and saw 4 of its levels.

You collected 124 gold pieces.

Inventory:

Hand Weapons
 a - a +0 falchion
 e - a +0 dagger of venom
 l - a +0 sling
 o - the +3 war axe "Leviticus" (weapon) {heavy, Fly rC+}
   (You found it on level 2 of the Dungeon)

   rC:        It protects you from cold.
   Fly:       It grants you flight.
 s - a +2 flail of holy wrath
Missiles
 m - 20 stones (quivered)
Armour
 b - a +0 leather armour
 c - a +0 cloak (worn)
 j - an orb of guile (worn)
 r - a +0 ring mail
Jewellery
 f - a ring of protection from cold
 g - a ring of willpower (right hand)
 n - the ring of Owithruch (left hand) {rF+ EV+5}
   (You took it off a hobgoblin on level 2 of the Dungeon)

   [ring of evasion]

   EV:        It affects your evasion (+5).
   rF:        It protects you from fire.
Scrolls
 d - a scroll of immolation {unknown}
 h - a scroll of identify {unknown}
 i - 2 scrolls of torment {unknown}
 p - 2 scrolls of enchant weapon {unknown}
 q - 4 scrolls of magic mapping {unknown}
Potions
 k - a potion of haste {unknown}
 t - a potion of mutation {unknown}


   Skills:
 + Level 4.2 Fighting
 + Level 3.8 Long Blades
 + Level 1.2 Axes
 + Level 3.3 Dodging
 + Level 0.5 Stealth


You had 3 spell levels left.
You didn't know any spells.
Your spell library contained the following spells:

 Spells                   Type           Power      Damage    Failure   Level
 Foxfire                  Conj/Fire      0%         2x1d4     43%         1
 Poisonous Vapours        Pois/Air       0%         N/A       56%         2
 Scorch                   Fire           0%         2d5       56%         2
 Mephitic Cloud           Conj/Pois/Air  0%         N/A       80%         3
 Tukima's Dance           Hex            0%         N/A       80%         3
 Flame Wave               Conj/Fire      0%         2d4       99%         4
 Passage of Golubria      Tloc           0%         N/A       99%         4
 Freezing Cloud           Conj/Ice/Air   0%         6-21      100%        5
 Yara's Violent Unravell  Hex/Tmut       0%         3d3       100%        5
 Summon Cactus Giant      Summ           0%         N/A       100%        6


Dungeon Overview and Level Annotations

Branches:
Dungeon (4/15)
 Temple: D:4-7

Altars:
Elyvilon
Makhleb

Annotations:
D:1 2 transporters


Innate Abilities, Weirdness & Mutations

Your plain brown scales are hard. (AC +5)
You cannot fit into any form of body armour.
You are cold-blooded and may be slowed by cold attacks.


Message History

Save game and exit?
Okay, then.
There's nothing to open nearby.
m - 20 stones (gained 3)
A scorpion comes into view.
The scorpion moves out of view.
Found a leather armour.
The scorpion stings you but does no damage.
The scorpion barely misses you.
You closely miss the scorpion. The scorpion closely misses you. x2
You barely miss the scorpion.
The scorpion stings you but does no damage. x2
The scorpion stings you.
You barely miss the scorpion.
Your tail-slap misses the scorpion.
The scorpion stings you. The scorpion barely misses you.
You hit the scorpion but do no damage. The scorpion misses you.
The scorpion closely misses you. The scorpion barely misses you.
You barely miss the scorpion. The scorpion stings you.
You are poisoned.
The scorpion poisons you! The scorpion stings you. The scorpion misses you.
You barely miss the scorpion.
You feel very sick. The scorpion stings you. The scorpion misses you.
You slash the scorpion!
Your tail-slap misses the scorpion.
The scorpion is severely wounded.
You feel very sick. The scorpion completely misses you.
The scorpion misses you. The scorpion stings you.
* * * LOW HITPOINT WARNING * * *
You hit the scorpion.
Your tail-slap misses the scorpion.
The scorpion is almost dead.
You feel very sick. The scorpion completely misses you.
The scorpion stings you.
* * * LOW HITPOINT WARNING * * *
You are more poisoned.
The scorpion poisons you!
You slash the scorpion!
You kill the scorpion!
Trog accepts your kill.
You die...

..... #.≈≈...≈ ......
.... #.≈.≈≈≈. ##.....
##..##.≈..... #......
#....#..≈≈≈≈≈ ......
#...####### #....
###....# ##....##
###.#.# #......##
#.....#
#...@.########.###
#...##.........## #
#.. ##..........####.#
..[
##....######.......
... ##...#.##
#....####
........##..##
#......## .
####.......###........
##.................
##................


There were no monsters in sight!

Vanquished Creatures
  A scorpion (D:4)
  4 gnolls (D:4)
  A worm (D:3)
  2 dart slugs
  6 orcs
  3 bats (D:2)
  4 endoplasms
  2 giant cockroaches (D:1)
  5 goblins
  7 hobgoblins
  2 jackals (D:1)
  2 quokkas
  6 ball pythons
  2 frilled lizards
  4 kobolds
  2 rats
53 creatures vanquished.

Notes
Turn   | Place    | Note
-------+----------+-------------------------------------------
     0 | D:1      | Fnord73 the Draconian Berserker began the quest for the
                  | Orb.
     0 | D:1      | Reached XP level 1. HP: 19/19 MP: 1/1
   231 | D:1      | Reached XP level 2. HP: 24/26 MP: 2/2
  1085 | D:1      | Found a faded altar of an unknown god.
  1102 | D:1      | Got Plato's Precepts of Pyromania
  1189 | D:2      | Reached XP level 3. HP: 33/33 MP: 3/3
  1275 | D:2      | Identified the ring of Owithruch {rF+ EV+5}
  1326 | D:2      | Identified the +3 war axe "Leviticus" {heavy, Fly rC+}
  1340 | D:2      | Reached ** piety under Trog
  1550 | D:3      | Reached skill level 4 in Fighting
  1736 | D:3      | Found a burning altar of Makhleb.
  1929 | D:4      | Reached XP level 4. HP: 40/40 MP: 4/4
  1931 | D:4      | Reached skill level 1 in Axes
  1958 | D:4      | Found a white marble altar of Elyvilon.
  2036 | D:4      | Noticed a scorpion
  2046 | D:4      | HP: 2/40 [scorpion (6)]
  2047 | D:4      | Killed a scorpion
  2047 | D:4      | Succumbed to a scorpion's poison

Illustrated notes

Levels and vault maps discovered:
D:1:      spicycebolla_arrival_transporter_tutorial, layout_basic,
          shapermc_ecumenical_altar_rom_forum, amethyst_killhole,
          corner_web_ring
D:2:      layout_rooms, nicolae_elevator_lobby_plus
D:3:      layout_loops_corners, lemuel_doored_altar, bloody_makhleb,
          serial_shops, nicolae_shop_real_fake_doors, minmay_misc_feat_doors,
          hangedman_feature_mirror, minivault_25
D:4:      layout_layer_cave, mainiacjoe_overflow_paths,
          minmay_temple_entry_overgrown

Skill      XL: |  1  2  3  4 |
---------------+-------------+-----
Dodging        | 3 |  3.3
Fighting       | 4 |  4.2
Axes           | 1 |  1.2
Long Blades    | |  3.8
Stealth        | |  0.5

Action                     |  1- 3 |  4- 6 || total
---------------------------+-------+-------++-------
  Melee: Falchion          |   118 |       ||   118
         Tailslap          |    18 |     1 ||    19
         Punch             |     1 |       ||     1
         War axe           |    25 |    13 ||    38
 Armour: Skin              |    56 |     5 ||    61
  Dodge: Dodged            |    86 |    14 ||   100

Table legend: (Time is in decaauts)
 A = Elapsed time spent in this place.
 B = Non-inter-level travel time spent in this place.
 C = Inter-level travel time spent in this place.
 D = Time resting spent in this place.
 E = Time spent auto-exploring this place.
 F = Levels seen in this place.
 G = Mean time per level.
                   A        B        C        D        E       F      G
               +--------+--------+--------+--------+--------+-----+--------+
         Total |   2110 |   2108 |      2 |    200 |     54 |   4 |  527.5 |
       Dungeon |   2110 |   2108 |      2 |    200 |     54 |   4 |  527.5 |
               +--------+--------+--------+--------+--------+-----+--------+

Top non-repeatable levels by time:
     D:1: 1195 daAuts
     D:3: 404 daAuts
     D:2: 364 daAuts
     D:4: 145 daAuts
